 Dungeon Crawl Stone Soup version 0.20.1-1-g8b1a95d (webtiles) character file.

758661 polve the Axe Maniac (level 27, -8/271 HPs)
             Began as a Hill Orc Berserker on Aug 9, 2017.
             Was the Champion of the Shining One.
             Killed from afar by a starcursed mass (14 damage)
             ... with an accursed screaming
             ... while paralysed by accursed screaming
             ... on level 5 of the Abyss on Aug 10, 2017.
             The game lasted 02:43:50 (76112 turns).

polve the Axe Maniac (Hill Orc Berserker)          Turns: 76112, Time: 02:43:50

Health: -8/271     AC: 33    Str: 33      XL:     27
Magic:  0/39       EV:  2    Int:  5 (7)  God:    the Shining One [******]
Gold:   8914       SH:  0    Dex: 29      Spells: 26/26 levels left

rFire    + . .     SeeInvis +   b - +9 executioner's axe (holy)
rCold    . . .     Gourm    .   (shield currently unavailable)
rNeg     + + +     Faith    .   I - +4 plate armour {rF+}
rPois    .         Spirit   +   Y - +2 hat of the Bear Spirit {Spirit, +Rage rN+ MR++}
rElec    .         Reflect  +   D - scarf {repulsion}
rCorr    +         Harm     .   X - +2 pair of gloves
MR       ++++.                  q - +0 pair of boots of Uzxom {rCorr Dex+5}
Stlth    ..........             O - amulet of Anurhailae {Reflect Str+8 Dex+4 SH+5 SInv Stlth-}
Regen    0.6/turn               K - +6 ring of evasion
MPRegen  0.3/turn               E - +4 ring of slaying

@: paralysed, divine shield, glowing, repel missiles
A: agile 1, evolution 1
}: 4/15 runes: serpentine, barnacled, slimy, silver
a: Divine Shield, Cleansing Flame, Summon Divine Warrior, Renounce Religion,
Evoke Berserk Rage


You were on level 5 of the Abyss.
You worshipped the Shining One.
The Shining One was exalted by your worship.
You were not hungry.

You visited 11 branches of the dungeon, and saw 53 of its levels.
You visited the Abyss 1 time.
You visited 2 bazaars.
You also visited: Labyrinth, Trove, Ossuary, Ice Cave and Wizlab.

You collected 9217 gold pieces.
You spent 303 gold pieces at shops.

Inventory:

Hand Weapons
 a - a +9 executioner's axe of freezing
 b - a +9 executioner's axe of holy wrath (weapon)
Armour
 k - a +2 pair of boots of flying
 q - the +0 pair of boots of Uzxom (worn) {rCorr Dex+5}
   (You found it in a treasure trove)

   It affects your dexterity (+5).
   It protects you from acid and corrosion.
 D - a scarf of repulsion (worn)
 I - a +4 plate armour of fire resistance (worn)
 X - a +2 pair of gloves (worn)
 Y - the +2 hat of the Bear Spirit (worn) {Spirit, +Rage rN+ MR++}
   (You found it in a labyrinth)

   It protects you from negative energy.
   It affects your resistance to hostile enchantments.
   It lets you go berserk.
Jewellery
 E - a +4 ring of slaying (right hand)
 K - a +6 ring of evasion (left hand)
 O - the amulet of Anurhailae (around neck) {Reflect Str+8 Dex+4 SH+5 SInv Stlth-}
   (You found it on level 6 of the Lair of Beasts)

   [amulet of reflection]

   It shields you and reflects attacks.
   It affects your strength (+8).
   It affects your dexterity (+4).
   It lets you see invisible.
   It affects your SH (+5).
   It makes you less stealthy.
Wands
 N - a wand of scattershot (9/9)
 Q - a wand of acid (15/15)
 U - a wand of disintegration (23/24)
Scrolls
 g - 4 scrolls of holy word
 j - 32 scrolls of teleportation
 r - 9 scrolls of identify
 t - 13 scrolls of fear
 u - 10 scrolls of fog
 y - 7 scrolls of recharging
 z - 9 scrolls of enchant armour
 A - 11 scrolls of magic mapping
 F - 25 scrolls of remove curse
 G - 4 scrolls of amnesia
 J - 4 scrolls of silence
 L - 4 scrolls of blinking
 S - a scroll of summoning
Potions
 d - 27 potions of curing
 e - 6 potions of haste
 i - 6 potions of mutation
 l - 10 potions of flight
 m - 8 potions of berserk rage
 o - 10 potions of magic
 p - 7 potions of brilliance
 s - 9 potions of heal wounds
 x - 9 potions of might
 B - 8 potions of agility
 C - 5 potions of ambrosia
 R - 2 potions of resistance
 W - 2 potions of cancellation
Comestibles
 c - 38 bread rations
 f - 24 meat rations


   Skills:
 + Level 26.9 Fighting
 O Level 27 Axes
 - Level 24.2 Armour
 - Level 20.0 Dodging
   Level 15.0 Shields
 + Level 25.4 Invocations
 - Level 15.0 Evocations


You had 26 spell levels left.
You didn't know any spells.

Dungeon Overview and Level Annotations

Branches:
Dungeon (15/15)            Temple (0/1) D:6            Lair (6/6) D:9
 Shoals (4/4) Lair:3        Snake (4/4) Lair:3        Slime (5/5) Lair:6
    Orc (2/2) D:9             Elf (3/3) Orc:2        Vaults (5/5) D:13
  Crypt (3/3) Vaults:3       Tomb (1/3) Crypt:3      Depths (5/5) D:15
    Zot (0/5) Depths:5

Altars:
Ashenzari
Dithmenos
Elyvilon
Fedhas
Gozag
Hepliaklqana
Kikubaaqudgha
Nemelex Xobeh
Qazlal
Ru
Sif Muna
Trog
Uskayaw
Vehumet
Zin
The Shining One
Beogh
Jiyva
Lugonu

Shops:
D:4 !   D:10 %(:   D:14 [   Orc:2 *=?=!   Elf:1 *   Elf:3 [   Shoals:1 *
Shoals:3 !   Shoals:4 ?   Snake:3 ==}   Vaults:1 (***=   Vaults:5 }
Depths:1 [%

Portals:
Hell: Depths:1 Depths:2 Depths:3 Depths:4 Depths:5
Abyss: Depths:3 Depths:4
Pandemonium: Depths:2 Depths:3 Depths:4 Depths:5
Ziggurat: Depths:5

Annotations:
Lair:2 exclusion: oklob plant


Innate Abilities, Weirdness & Mutations

You are agile. (Dex +2)
You evolve.


Message History

You slash the starcursed mass!
The starcursed mass shudders and is absorbed by its neighbour.
You slash the starcursed mass!
You destroy the starcursed mass!
The ancient lich touches you but does no damage.
A cacophony of accursed wailing tears at your sanity!
* * * LOW HITPOINT WARNING * * *
You suddenly lose the ability to move!
The starcursed mass engulfs you but does no damage.
The ufetubus disappears in a puff of smoke!
The ancient lich completely misses you.
The hellephant blinks!
The ancient lich gestures at you while chanting.
Helpless, you fail to dodge the crystal spear.
* * * LOW HITPOINT WARNING * * *
A starcursed mass splits.
The smoke demon gestures at you. Something smites you!
* * * LOW HITPOINT WARNING * * *
A cacophony of accursed wailing tears at your sanity!
You die...

#5.# #35 #..##
#XX. #5# .
#X###§. #
#.XX##...
#@XX..#. #
######L#X###
.X§§h§X*X. ...
§h...§34X#§##X#.
### #3#X§##..#.
## #.#4# .. ## #
####X. #... . ..
. ∩ †h## .## ...
.#..#


You could see 11 starcursed masses, an ancient lich, a wretched star, 2 large
abominations, a smoke demon, a raiju, a neqoxec, a ynoxinul, 2 chaos spawn and 3
ufetubi.

Vanquished Creatures
  the Royal Jelly (Slime:5)
  2 ancient liches (Crypt:3)
  2 greater mummies (Tomb:1)
  Boris (Vaults:2)
  Bai Suzhen (Elf:3)
  Vashnia (Snake:4)
  Saint Roka (Orc:2)
  Margery (Depths:4)
  Frederick (Vaults:2)
  5 golden dragons
  2 profane servitors (Abyss:5)
  9 bone dragons
  Jorgrun (Vaults:2)
  A Hellbinder (WizLab)
  3 tentacled monstrosities
  An Ice Fiend (IceCv)
  2 hellephants
  20 acid blobs
  Asterion (Elf:3)
  A deep elf blademaster (Elf:3)
  A quicksilver dragon (Vaults:5)
  8 liches
  8 titans
  25 tentacled starspawn
  A kraken (Shoals:4)
  3 Executioners
  9 sphinxes
  A deep elf master archer (Elf:3)
  5 shadow dragons
  10 tengu reavers
  4 ancient champions
  6 storm dragons
  7 revenants
  10 nagarajas
  Ilsuiw (Shoals:4)
  A draconian monk (Abyss:4)
  19 fire giants
  96 large abominations
  18 frost giants
  13 azure jellies
  4 iron dragons
  3 draconian scorchers
  15 vault wardens
  3 cacodemons
  Aizul (Snake:4)
  3 balrugs
  2 draconian knights
  8 deep elf sorcerers
  A curse skull (Crypt:3)
  7 deep elf elementalists
  7 ghouls
  A draconian shifter (Abyss:3)
  A reaper (WizLab)
  3 caustic shrike skeletons (Depths:4)
  43 very ugly things
  3 angels
  4 juggernaut skeletons (Depths:4)
  2 ophanim (Abyss:5)
  44 stone giants
  A spriggan defender (Depths:4)
  5 war gargoyles
  15 ironheart preservers
  The ghost of equalderp2856 the Severer, a journeyman MiFi (Lair:6)
  8 vampire knights
  2 entropy weavers
  5 deep elf annihilators (Elf:3)
  4 lorocyprocas
  7 deep elf demonologists
  2 purple draconians
  Azrael (D:15)
  3 yellow draconians (Depths:5)
  A white draconian (Depths:5)
  A red draconian (Depths:5)
  9 spark wasps
  3 merfolk javelineers (Shoals:4)
  2 blizzard demons
  14 ettins
  3 green deaths
  5 eidola
  11 merfolk impalers
  A minotaur (Lab)
  13 death oozes
  Josephine (Orc:1)
  2 minotaurs (shapeshifter)
  2 quicksilver dragon zombies
  5 deep elf death magi (Elf:3)
  17 ogre magi
  12 ice dragons
  11 mummy priests (Tomb:1)
  5 jiangshi
  16 fire dragons
  8 deep elf high priests
  15 naga warriors
  20 yaktaur captains
  23 great orbs of eyes
  A great orb of eyes (shapeshifter) (Depths:1)
  A quicksilver dragon skeleton (Abyss:4)
  Erolcha (D:11)
  3 catoblepae (Lair:6)
  32 vault guards
  10 rakshasas
  6 hydras
  4 spriggan air magi
  Erica (Orc:1)
  3 alligator snapping turtles
  11 centaur warriors
  7 merfolk avatars
  2 satyrs (shapeshifter)
  24 anacondas
  7 death knights
  7 tengu warriors
  A two-headed ogre (shapeshifter) (Depths:3)
  28 dancing weapons
  7 merfolk aquamancers (Shoals:4)
  18 hell hogs
  The ghost of ThereIsNoGod the Geomancer, a journeyman SpEE of Gozag (D:10)
  42 two-headed ogres
  5 death yaks (Lair:6)
  4 death scarabs (Tomb:1)
  38 thrashing horrors
  11 vampire magi
  11 deep troll shamans
  3 orc high priests (Orc:2)
  15 deep troll earth magi
  9 shock serpents
  21 hell knights
  16 spriggan berserkers
  Nergalle (Orc:1)
  31 deep elf knights
  17 naga sharpshooters
  3 iron trolls
  Urug (Lair:5)
  28 wretched stars
  10 sun demons
  5 soul eaters
  3 titan skeletons
  39 small abominations
  The ghost of ThereIsNoGod the Basher, a novice GrFi of Okawaru (D:9)
  42 skeletal warriors
  3 storm dragon skeletons
  A fire crab (shapeshifter) (Depths:4)
  2 cherubim (Abyss:5)
  An iron giant zombie (Crypt:1)
  15 shadow wraiths
  6 salamander mystics (Snake:4)
  11 sea snakes
  8 glowing orange brains
  35 deep trolls
  3 spatial maelstroms
  A shadow demon (Depths:3)
  2 anaconda zombies
  7 wizards
  14 flayed ghosts
  8 unseen horrors
  12 deep elf archers
  Pikel (D:7)
  3 naga ritualists (Snake:4)
  A death drake (Abyss:5)
  19 ironbrand convokers
  4 lindwurms (Snake:4)
  3 golden dragon skeletons (Depths:4)
  18 phantasmal warriors
  A shadow dragon zombie (Depths:3)
  17 orc knights
  A tengu zombie (Depths:3)
  33 harpies
  2 iron dragon zombies
  12 necromancers
  8 salamanders
  2 fire giant zombies
  A frost giant zombie (Depths:2)
  12 manticores
  5 tengu skeletons
  An oklob plant (Lair:5)
  46 ugly things
  6 worldbinders
  5 shining eyes
  16 mana vipers
  A wolf spider (shapeshifter) (Abyss:5)
  69 deep elf magi
  5 orc sorcerers
  10 fauns
  A moth of wrath (shapeshifter) (Vaults:5)
  3 wolf spiders
  A shining eye (shapeshifter) (Abyss:4)
  2 fire giant skeletons
  17 cyclopes
  3 rust devils
  3 stone giant skeletons
  Maurice (Orc:1)
  A salamander (shapeshifter) (Vaults:1)
  27 naga magi
  9 guardian serpents
  3 water nymphs
  2 ice statues (IceCv)
  2 frost giant skeletons
  3 spiny frogs (shapeshifter)
  8 merfolk sirens
  8 elephants
  An elephant (shapeshifter) (Depths:4)
  6 apocalypse crabs
  20 smoke demons
  27 black mambas
  2 guardian serpents (shapeshifter)
  4 eyes of devastation
  Psyche (D:11)
  A titan simulacrum (Abyss:5)
  10 spiny frogs
  8 centaur skeletons
  6 gargoyles
  14 vault sentinels
  8 orange demons
  A water nymph (shapeshifter) (Depths:2)
  A white draconian zombie (Crypt:1)
  An emperor scorpion zombie (Crypt:3)
  A yaktaur zombie (Vaults:1)
  3 rime drakes
  3 hellions
  2 demonic crawlers
  2 komodo dragons (shapeshifter)
  A catoblepas zombie (Abyss:2)
  4 komodo dragons
  4 spriggan skeletons
  4 hellwings
  A rime drake (shapeshifter) (Vaults:3)
  18 freezing wraiths
  43 yaktaurs
  A dire elephant skeleton (Abyss:5)
  14 ice devils
  2 anaconda simulacra (IceCv)
  3 kobold demonologists
  2 tormentors
  10 efreet
  A pale draconian skeleton (Crypt:2)
  7 guardian mummies (Tomb:1)
  6 red devils
  2 tengu conjurers
  32 ancient zymes
  2 golden dragon simulacra (IceCv)
  8 trolls
  A harpy zombie (Crypt:1)
  A jumping spider (shapeshifter) (Vaults:1)
  4 meliai (shapeshifter)
  21 merfolk
  2 merfolk (shapeshifter)
  4 meliai
  8 polar bears
  2 wind drakes
  Prince Ribbit (D:5)
  A hydra zombie (Abyss:2)
  A minotaur skeleton (Lab)
  An ettin zombie (Crypt:3)
  A slime creature (shapeshifter) (Vaults:5)
  2 bog bodies (Crypt:2)
  9 hornets
  A wind drake (shapeshifter) (Vaults:2)
  127 slime creatures
  25 blink frogs
  A jumping spider zombie (Crypt:1)
  A sphinx simulacrum (Depths:2)
  A harpy skeleton (D:14)
  11 dream sheep
  10 hippogriffs
  A blink frog (shapeshifter) (Depths:1)
  A tarantella zombie (Crypt:1)
  61 raiju
  An ice dragon zombie (Crypt:1)
  3 snapping turtles
  A guardian serpent skeleton (Crypt:1)
  119 starcursed masses
  44 flying skulls
  5 spriggans (Depths:4)
  8 shadows
  5 redbacks
  6 air elementals
  2 ushabtiu (Tomb:1)
  2 ettin skeletons
  19 water elementals
  13 ynoxinuls
  9 fire elementals
  2 humans (shapeshifter)
  18 wraiths
  A tarantella (Vaults:5)
  A wind drake zombie (Crypt:2)
  2 wyverns
  A wyvern (shapeshifter) (Vaults:1)
  56 yaks
  5 vampires (Crypt:3)
  7 fire bats
  14 golden eyes
  11 chaos spawn
  5 hungry ghosts
  21 humans (D:13)
  8 basilisks
  7 elf skeletons
  A human simulacrum (Vaults:1)
  An iron troll simulacrum (IceCv)
  14 neqoxecs
  2 harpy simulacra (IceCv)
  Menkaure (D:5)
  3 wargs
  A soldier ant (D:13)
  7 spatial vortices
  16 insubstantial wisps
  13 water moccasins
  2 spiny frog zombies
  38 nagas
  2 acid dragons
  A swamp worm (shapeshifter) (Vaults:3)
  2 hydra simulacra (IceCv)
  Duvessa (D:5)
  A gelid demonspawn skeleton (Crypt:1)
  13 hell hounds
  3 ogre skeletons
  10 porcupines
  4 sky beasts
  A floating eye (Depths:2)
  An elf zombie (Vaults:1)
  A hornet zombie (D:8)
  A two-headed ogre skeleton (Crypt:2)
  38 orc warriors
  9 ice beasts
  A phantom (D:11)
  3 necrophages
  13 eyes of draining
  2 black bears
  11 wolves (Lair:2)
  An ettin simulacrum (IceCv)
  41 ogres
  A spriggan simulacrum (Depths:2)
  5 boggarts
  4 snapping turtle skeletons
  16 crocodiles
  A crocodile (shapeshifter) (Abyss:4)
  15 centaurs
  2 human skeletons (Vaults:1)
  A big kobold (D:13)
  25 bullfrogs
  5 earth elementals (Elf:1)
  2 tengu simulacra
  A wyvern skeleton (D:11)
  Dowan (D:5)
  A water moccasin skeleton (D:9)
  2 scorpions
  16 killer bees
  An elf simulacrum (Vaults:2)
  7 wights
  2 howler monkeys (D:8)
  6 electric eels
  6 crimson imps
  2 bullfrog zombies
  3 quasits
  5 centaur zombies
  2 iron imps
  9 hounds
  8 jellies
  27 orc wizards
  25 orc priests
  A bullfrog skeleton (D:8)
  A gnoll shaman (D:9)
  2 iguanas
  10 worker ants
  A killer bee zombie (D:10)
  A felid zombie (Crypt:1)
  An ogre zombie (Crypt:3)
  A deep dwarf zombie (Crypt:1)
  An acid dragon zombie (Crypt:2)
  An acid dragon skeleton (Crypt:2)
  17 mummies
  Robin (D:2)
  A worker ant zombie (Crypt:2)
  4 gnolls (D:8)
  15 adders
  9 shadow imps
  10 white imps
  4 ufetubi
  An ooze (D:1)
  An adder skeleton (D:9)
  An adder zombie (D:8)
  7 worms
  2 dart slugs (D:2)
  5 leopard geckos
  118 orcs
  9 bats
  8 giant cockroaches
  2 gnoll zombies (Ossuary)
  7 hobgoblins
  10 jackals
  5 quokkas
  2 ball pythons (D:3)
  4 frilled lizards
  15 goblins
  A hobgoblin zombie (Ossuary)
  15 kobolds
  A kobold skeleton (Crypt:3)
  4 kobold zombies (Ossuary)
  A leopard gecko skeleton (D:9)
  An orc zombie (Ossuary)
  8 rats
  2 bushes
  5 crawling corpses
  3 fungi (Lair:4)
  4 lurking horrors
  11 plants
  35 starspawn tentacles
  5 tentacles (Shoals:4)
3584 creatures vanquished.

Vanquished Creatures (collateral kills)
  Donald (Orc:2)
  2 vault guards (Vaults:5)
  2 hydras
  An orc warrior (Orc:2)
  An ogre (Orc:2)
7 creatures vanquished.

Vanquished Creatures (others)
  A stone giant (Depths:2)
  An ironheart preserver (Vaults:2)
  A green death (Abyss:5)
  2 merfolk javelineers
  A vault guard (Vaults:5)
  6 satyrs
  A hell hog (Abyss:5)
  2 naga sharpshooters (Snake:4)
  An orc knight (Orc:2)
  A deep elf archer (Elf:2)
  2 deep elf magi
  A cyclops (Shoals:4)
  A faun (Shoals:2)
  A naga mage (Snake:4)
  A rust devil (Depths:5)
  A vault sentinel (Vaults:3)
  A human skeleton (Vaults:2)
  5 yaktaurs
  An ancient zyme (Abyss:5)
  5 raiju (Abyss:5)
  6 large abominations (Abyss:5)
  A chaos spawn (Abyss:5)
  An orc warrior (Vaults:1)
  A slave (D:7)
  A centaur (D:15)
  A hornet simulacrum (Vaults:1)
  A scorpion (D:7)
  4 starcursed masses (Abyss:5)
  A bullfrog zombie (D:7)
  A jelly (Abyss:5)
  An orc priest (D:7)
  9 small abominations
  5 orcs
  A bush (Lair:6)
  19 fungi
  9 lurking horrors
  24 plants
  38 starspawn tentacles
  2 tentacles (Shoals:4)
  45 withered plants (Crypt:3)
207 creatures vanquished.

Grand Total: 3798 creatures vanquished

Notes
Turn   | Place    | Note
-------+----------+-------------------------------------------
     0 | D:1      | polve the Hill Orc Berserker began the quest for the Orb.
     0 | D:1      | Reached XP level 1. HP: 19/19 MP: 1/1
    42 | D:1      | Reached XP level 2. HP: 27/27 MP: 2/2
   816 | D:1      | Reached XP level 3. HP: 34/34 MP: 3/3
   868 | D:1      | Reached ** piety under Trog
  1051 | D:2      | Reached skill level 5 in Axes
  1620 | D:2      | Noticed Robin
  1624 | D:2      | Reached XP level 4. HP: 41/41 MP: 4/4
  1633 | D:2      | Killed Robin
  1633 | D:2      | Reached skill level 5 in Fighting
  2248 | D:2      | Reached XP level 5. HP: 48/48 MP: 5/5
  2702 | D:2      | Found a deep blue altar of Sif Muna.
  2816 | D:3      | Reached skill level 6 in Axes
  3274 | D:3      | Reached XP level 6. HP: 55/57 MP: 6/6
  3287 | D:3      | Reached *** piety under Trog
  3771 | D:4      | Found a stormy altar of Qazlal.
  3783 | D:4      | Reached skill level 7 in Axes
  4156 | D:4      | Noticed an orc warrior
  4166 | D:4      | Killed an orc warrior
  4166 | D:4      | Reached XP level 7. HP: 66/66 MP: 5/7
  4330 | D:4      | Found Jeanorhu's Distillery.
  4459 | D:4      | Reached skill level 8 in Axes
  4735 | D:5      | Entered Level 5 of the Dungeon
  4885 | D:5      | Noticed Prince Ribbit
  4893 | D:5      | Killed Prince Ribbit
  4893 | D:5      | Reached skill level 9 in Axes
  4893 | D:5      | Reached XP level 8. HP: 75/75 MP: 8/8
  5003 | D:5      | Noticed Menkaure
  5011 | D:5      | Killed Menkaure
  5312 | D:5      | Noticed Dowan
  5313 | D:5      | Noticed Duvessa
  5324 | D:5      | Killed Dowan
  5324 | D:5      | Reached skill level 10 in Axes
  5329 | D:5      | Killed Duvessa
  5329 | D:5      | Reached **** piety under Trog
  5681 | D:6      | Found a sand-covered staircase.
  5711 | Ossuary  | Entered an ossuary
  6163 | D:6      | Reached skill level 10 in Fighting
  6249 | D:6      | Found a staircase to the Ecumenical Temple.
  6313 | D:6      | Reached XP level 9. HP: 78/84 MP: 7/9
  6393 | D:6      | Received a gift from Trog
  6394 | D:6      | Found a hide-covered altar of Uskayaw.
  6394 | D:6      | Found a sacrificial altar of Ru.
  6398 | D:6      | Found a shattered altar of Ashenzari.
  6399 | D:6      | Found a hazy altar of Hepliaklqana.
  6409 | D:6      | Found a radiant altar of Vehumet.
  6676 | D:6      | Gained mutation: You are partially covered in thin metallic scales. (AC +2) [mutagenic meat]
  6677 | D:6      | Gained mutation: Scrolls take you a little longer to read. [mutagenic meat]
  7184 | D:6      | Found a bloodstained altar of Trog.
  7468 | D:7      | Reached skill level 5 in Armour
  7589 | D:7      | Noticed Pikel
  7599 | D:7      | Reached ***** piety under Trog
  7612 | D:7      | Killed Pikel
  7615 | D:7      | Reached skill level 5 in Dodging
  7781 | D:7      | Reached XP level 10. HP: 88/92 MP: 8/10
  9781 | D:8      | Found a white marble altar of Elyvilon.
 10076 | D:8      | Found a bloodstained altar of Trog.
 10446 | D:9      | Noticed a two-headed ogre
 10466 | D:9      | Killed a two-headed ogre
 10578 | D:9      | Reached XP level 11. HP: 80/98 MP: 11/11
 10587 | D:9      | Received a gift from Trog
 10587 | D:9      | Reached skill level 10 in Armour
 10699 | D:9      | Found a staircase to the Lair.
 10709 | D:9      | Reached skill level 11 in Axes
 11045 | D:9      | Noticed ThereIsNoGod's ghost (novice GrFi)
 11058 | D:9      | Killed ThereIsNoGod's ghost
 11099 | D:9      | Found a staircase to the Orcish Mines.
 11216 | Lair:1   | Entered Level 1 of the Lair of Beasts
 11218 | Lair:1   | Reached skill level 12 in Axes
 11318 | Lair:1   | Noticed an eight-headed hydra
 11323 | Lair:1   | Killed a nine-headed hydra
 11746 | Lair:1   | Reached skill level 13 in Axes
 12112 | Lair:2   | Noticed a five-headed hydra
 12121 | Lair:2   | Reached skill level 14 in Axes
 12126 | Lair:2   | Killed a 12-headed hydra
 12454 | Lair:2   | Reached XP level 12. HP: 91/105 MP: 4/12
 12497 | Lair:2   | Reached skill level 15 in Axes
 12906 | Lair:2   | Noticed an eight-headed hydra
 12923 | Lair:2   | Killed a 17-headed hydra
 12923 | Lair:2   | Reached skill level 16 in Axes
 13057 | Lair:2   | Found a blossoming altar of Fedhas.
 13101 | Lair:2   | Noticed a seven-headed hydra
 13107 | Lair:2   | Killed a seven-headed hydra
 13492 | Lair:3   | Found a staircase to the Shoals.
 13529 | Lair:3   | Found a staircase to the Snake Pit.
 13543 | Lair:3   | Reached skill level 17 in Axes
 14462 | Lair:4   | Noticed a four-headed hydra
 14471 | Lair:4   | Killed a nine-headed hydra
 14560 | Lair:4   | Received a gift from Trog
 14560 | Lair:4   | Reached skill level 18 in Axes
 14780 | Lair:4   | Reached XP level 13. HP: 112/112 MP: 4/13
 15106 | Lair:4   | Reached skill level 19 in Axes
 15599 | Lair:5   | Noticed Urug
 15624 | Lair:5   | Killed Urug
 16011 | Lair:5   | Reached skill level 20 in Axes
 16314 | Lair:2   | Received a gift from Trog
 16682 | Lair:5   | Reached skill level 1 in Shields
 16919 | Lair:6   | Entered Level 6 of the Lair of Beasts
 16919 | Lair:6   | Noticed equalderp2856's ghost (journeyman MiFi)
 16937 | Lair:6   | Killed equalderp2856's ghost
 17350 | Lair:6   | Reached XP level 14. HP: 116/121 MP: 14/14
 17478 | Lair:6   | Got a smoking graven amulet
 17480 | Lair:6   | Identified the amulet of Anurhailae {Reflect Str+8 Dex+4 SH+5 SInv Stlth-} (You found it on level 6 of the Lair of Beasts)
 17962 | Lair:6   | Reached ****** piety under Trog
 18033 | Lair:6   | Found a staircase to the Slime Pits.
 18387 | Orc:1    | Entered Level 1 of the Orcish Mines
 18387 | Orc:1    | Noticed Nergalle
 18388 | Orc:1    | Found a roughly hewn altar of Beogh.
 18389 | Orc:1    | Noticed Maurice
 18396 | Orc:1    | Killed Nergalle
 18408 | Orc:1    | Killed Maurice
 18450 | Orc:1    | Received a gift from Trog
 18844 | Orc:1    | Noticed Josephine
 18845 | Orc:1    | Noticed Erica
 18855 | Orc:1    | Killed Josephine
 18858 | Orc:1    | Killed Erica
 19198 | Orc:2    | Entered Level 2 of the Orcish Mines
 19257 | Orc:2    | Found a staircase to the Elven Halls.
 19272 | Orc:2    | Noticed Saint Roka
 19289 | Orc:2    | Killed Saint Roka
 19522 | Orc:2    | Received a gift from Trog
 19626 | Orc:2    | Found Riomerch's Assorted Antiques.
 19655 | Orc:2    | Noticed Donald
 19675 | Orc:2    | Killed Donald
 19988 | Orc:2    | Reached skill level 5 in Shields
 20052 | Orc:2    | Reached XP level 15. HP: 82/133 MP: 15/15
 20499 | Orc:2    | Found Boliloo's Magic Scroll Shoppe.
 20499 | Orc:2    | Found Limef's Jewellery Shoppe.
 20502 | Orc:2    | Found Zepo Nud's Jewellery Shop.
 20507 | Orc:2    | Found Jadaes's Distillery.
 20761 | D:10     | Entered Level 10 of the Dungeon
 20761 | D:10     | Found Funtudi's Food Shoppe.
 20773 | D:10     | Found Wyovoor's Antique Weapon Boutique.
 20831 | D:10     | Lost mutation: Scrolls take you a little longer to read. [potion of mutation]
 20831 | D:10     | Lost mutation: You are partially covered in thin metallic scales. (AC +2) [potion of mutation]
 20831 | D:10     | Gained mutation: You have a somewhat thin skeletal structure. (Dex +2, Stealth) [potion of mutation]
 20831 | D:10     | Gained mutation: You are somewhat resistant to further mutation. [potion of mutation]
 20860 | D:10     | Noticed ThereIsNoGod's ghost (journeyman SpEE)
 20869 | D:10     | Killed ThereIsNoGod's ghost
 20950 | D:10     | Found Peirphuca's Book Shoppe.
 21207 | D:11     | Noticed Psyche
 21210 | D:11     | Killed Psyche
 21274 | D:11     | Received a gift from Trog
 21496 | D:11     | Found a shattered altar of Ashenzari.
 21741 | D:11     | Noticed Erolcha
 21747 | D:11     | Killed Erolcha
 22285 | D:12     | Reached skill level 10 in Shields
 22905 | D:13     | Received a gift from Trog
 23595 | D:13     | Found a gate to the Vaults.
 23964 | Shoals:1 | Entered Level 1 of the Shoals
 24205 | Shoals:1 | Found Sonwegu's Assorted Antiques.
 24304 | Shoals:1 | Bought a scroll labeled IPILIGRO KEPTOY for 38 gold pieces
 24304 | Shoals:1 | Bought a fizzy silvery potion for 34 gold pieces
 24304 | Shoals:1 | Bought 2 scrolls labeled QOSUCW ATITWIK for 76 gold pieces
 24853 | Shoals:2 | Reached XP level 16. HP: 102/140 MP: 16/16
 25773 | Shoals:2 | Received a gift from Trog
 25813 | Shoals:2 | Got a slimy scale mail
 25824 | Shoals:2 | Identified the +0 scale mail of the Shore {rC+ MR+} (You found it on level 2 of the Shoals)
 26161 | Shoals:3 | Reached skill level 15 in Shields
 26177 | Shoals:3 | Reached skill level 10 in Dodging
 26457 | Shoals:3 | Found Qoax's Distillery.
 26736 | Shoals:3 | Got a steaming tin ring
 26752 | Shoals:3 | Received a gift from Trog
 26787 | Shoals:3 | Identified the ring "Keatt" {-Tele rElec rN+ Dex+4 Stlth+} (You found it on level 3 of the Shoals)
 27246 | Shoals:4 | Entered Level 4 of the Shoals
 27265 | Shoals:4 | Found a frozen archway.
 27281 | IceCv    | Entered an ice cave
 27616 | IceCv    | Noticed an Ice Fiend
 27630 | IceCv    | Killed an Ice Fiend
 28346 | Shoals:4 | Noticed Ilsuiw
 28374 | Shoals:4 | Reached XP level 17. HP: 118/150 MP: 17/17
 28397 | Shoals:4 | Killed Ilsuiw
 28679 | Shoals:4 | Found Caoxzy Waxos's Magic Scroll Shop.
 28856 | Shoals:4 | Noticed a kraken
 28869 | Shoals:4 | Killed a kraken
 28882 | Shoals:4 | Received a gift from Trog
 29232 | Shoals:4 | Received a gift from Trog
 29835 | Shoals:4 | Got a barnacled rune of Zot
 29882 | Shoals:4 | Reached skill level 15 in Fighting
 30050 | Snake:1  | Entered Level 1 of the Snake Pit
 31667 | Snake:2  | Reached XP level 18. HP: 164/164 MP: 18/18
 32010 | Snake:3  | Reached skill level 15 in Armour
 32101 | Snake:3  | Received a gift from Trog
 32550 | Snake:3  | Found an opulent altar of Gozag.
 32875 | Snake:3  | Found Ingioc's Gadget Emporium.
 32875 | Snake:3  | Found Ihebryoco's Jewellery Shop.
 32876 | Snake:3  | Found Raded's Jewellery Shop.
 32979 | Snake:4  | Entered Level 4 of the Snake Pit
 33241 | Snake:4  | Received a gift from Trog
 33435 | Snake:4  | Noticed Aizul
 33447 | Snake:4  | Killed Aizul
 33865 | Snake:4  | Noticed Vashnia
 33885 | Snake:4  | Received a gift from Trog
 33924 | Snake:4  | Killed Vashnia
 34526 | Snake:4  | Reached XP level 19. HP: 148/176 MP: 19/19
 34849 | Snake:4  | Received a gift from Trog
 35686 | Snake:4  | Got a serpentine rune of Zot
 36055 | D:14     | Found Idarag's Antique Armour Shop.
 36073 | D:14     | Found a labyrinth entrance.
 36077 | Lab      | Entered a labyrinth
 36726 | Lab      | Got a clouded tin ring
 36746 | Lab      | Identified the ring of Agnosticism {-Tele rElec rF+ rC+} (You took it off a minotaur in a labyrinth)
 36811 | D:14     | Found a flickering gateway to a bazaar.
 36820 | Bazaar   | Entered a bazaar
 36894 | Bazaar   | Found Xuixoata's Jewellery Shop.
 36894 | Bazaar   | Found Aleff's Book Shop.
 37020 | D:14     | Received a gift from Trog
 37627 | D:15     | Entered Level 15 of the Dungeon
 37669 | D:15     | Found a staircase to the Depths.
 37706 | D:15     | Got a faintly humming helmet
 37707 | D:15     | Identified the +0 helmet of the Prince {rC+ Int-5 Dex+2} (You found it on level 15 of the Dungeon)
 38041 | D:15     | Noticed Azrael
 38050 | D:15     | Killed Azrael
 38593 | Vaults:1 | Entered Level 1 of the Vaults
 38602 | Vaults:1 | Reached skill level 21 in Axes
 38606 | Vaults:1 | Received a gift from Trog
 39158 | Vaults:1 | Reached XP level 20. HP: 182/186 MP: 20/20
 39272 | Vaults:1 | Found Ubbed's Weapon Shop.
 39384 | Vaults:1 | Found Tasaiw's General Store.
 39469 | Vaults:1 | Reached skill level 22 in Axes
 39561 | Vaults:1 | Found Joevvepy's Assorted Antiques.
 39601 | Vaults:1 | Received a gift from Trog
 39642 | Vaults:1 | Received a gift from Trog
 39819 | Vaults:1 | Found Uguffekk's Jewellery Shoppe.
 40200 | Vaults:1 | Found Maho Peo's General Store.
 40313 | Vaults:1 | Reached skill level 23 in Axes
 40594 | Vaults:2 | Noticed Frederick
 40615 | Vaults:2 | Killed Frederick
 40748 | Vaults:2 | Received a gift from Trog
 40885 | Vaults:2 | Reached skill level 24 in Axes
 41350 | Vaults:2 | Noticed Jorgrun
 41359 | Vaults:2 | Killed Jorgrun
 41370 | Vaults:2 | Noticed Boris
 41393 | Vaults:2 | Killed Boris
 41393 | Vaults:2 | Reached XP level 21. HP: 79/192 MP: 11/21
 41405 | Vaults:2 | Reached skill level 25 in Axes
 42471 | Vaults:3 | Received a gift from Trog
 42649 | Vaults:3 | Reached skill level 26 in Axes
 42847 | Vaults:3 | Found a portal to a secret trove of treasure.
 43155 | Vaults:3 | Received a gift from Trog
 43558 | Vaults:3 | Found a staircase to the Crypt.
 44002 | Vaults:4 | Reached XP level 22. HP: 203/203 MP: 22/22
 44229 | Vaults:4 | Received a gift from Trog
 44634 | Vaults:4 | Found a sparkling altar of Nemelex Xobeh.
 44910 | Vaults:5 | Entered Level 5 of the Vaults
 44916 | Vaults:5 | Noticed a golden dragon
 44930 | Vaults:5 | Reached skill level 15 in Dodging
 44943 | Vaults:5 | Killed a golden dragon
 44956 | Vaults:5 | Received a gift from Trog
 45248 | Vaults:5 | Received a gift from Trog
 45302 | Vaults:5 | Reached XP level 23. HP: 175/214 MP: 19/23
 45356 | Vaults:5 | Found Weis's Gadget Shoppe.
 45804 | Vaults:5 | Received a gift from Trog
 46182 | Vaults:5 | Got a bound jade ring
 46206 | Vaults:5 | Identified the Disquisition on the Hurtful Snowflakes
 46330 | Vaults:5 | Identified the ring "Pubuwiv" {rC+ Slay+2} (You took it off an entropy weaver on level 5 of the Vaults)
 46719 | Vaults:5 | Got a vibrating graven amulet
 46952 | Vaults:5 | Got a bound brass ring
 46953 | Vaults:5 | Identified the ring "Kodau" {MR- Str+3 Dex+6 Slay+1} (You took it off a vault warden on level 5 of the Vaults)
 46954 | Vaults:5 | Identified the amulet "Xiokk" {Spirit Str+2} (You took it off a vault sentinel on level 5 of the Vaults)
 47161 | Vaults:5 | Got a pitted brass ring
 47255 | Vaults:5 | Identified the ring "Ennoiwiy" {-Tele +Fly rPois MP+9 Dex+8} (You took it off an orc knight on level 5 of the Vaults)
 47269 | Vaults:5 | Received a gift from Trog
 47444 | Vaults:5 | Got a silver rune of Zot
 47672 | Vaults:3 | You paid a toll of +4 storm dragon scales to enter a treasure trove
 47673 | Trove    | Entered a treasure trove
 47678 | Trove    | Got a pair of dazzling boots
 47684 | Trove    | Identified the +0 pair of boots of Uzxom {rCorr Dex+5} (You found it in a treasure trove)
 47704 | Trove    | Got an ancient scarf
 47710 | Trove    | Identified the scarf "Vaseurr" {rElec rPois Str-5 Dex+8} (You found it in a treasure trove)
 47716 | Trove    | Got a twisted plate armour
 47717 | Trove    | Identified the +1 plate armour of Thoughtfulness {Regen+ rCorr Int+2} (You found it in a treasure trove)
 47729 | Trove    | Got a fine shield
 47740 | Trove    | Identified the +4 shield "Sodof" {rElec Regen+ Str-2} (You found it in a treasure trove)
 47766 | Vaults:3 | Identified a +1 pair of boots of running (You found it in a treasure trove)
 47849 | Vaults:1 | Reached skill level 1 in Evocations
 48090 | Elf:1    | Entered Level 1 of the Elven Halls
 48391 | Elf:1    | Reached skill level 5 in Evocations
 48474 | Elf:1    | Found Siteed's Assorted Antiques.
 48496 | Elf:1    | Bought a crude marble ring for 155 gold pieces
 48607 | Elf:1    | Received a gift from Trog
 48683 | Elf:1    | Found a flickering gateway to a bazaar.
 48692 | Bazaar   | Entered a bazaar
 48706 | Bazaar   | Found Jaboupemm's Gadget Shop.
 48735 | Bazaar   | Found Taorod's Gadget Shop.
 48771 | Bazaar   | Found Tocry's Distillery.
 48797 | Bazaar   | Found Jecsoti's Distillery.
 49291 | Elf:2    | Reached XP level 24. HP: 211/226 MP: 26/28
 49384 | Elf:2    | Identified the ring "Veoboad" {+Blink +Fly AC+1 Int+2} (You bought it in a shop on level 1 of the Elven Halls)
 49423 | Elf:2    | Received a gift from Trog
 49757 | Elf:2    | Found a huge runed gate.
 49757 | Elf:2    | Found a huge runed gate.
 49757 | Elf:2    | Found a huge runed gate.
 50096 | Elf:2    | Reached skill level 10 in Evocations
 50119 | Elf:2    | Received a gift from Trog
 50282 | Elf:3    | Entered Level 3 of the Elven Halls
 50550 | Elf:3    | Found Xesavyru's Antique Armour Shop.
 50718 | Elf:3    | Noticed Bai Suzhen
 50740 | Elf:3    | Killed Bai Suzhen
 50881 | Elf:3    | Noticed Asterion
 50917 | Elf:3    | Killed Asterion
 50958 | Elf:3    | Received a gift from Trog
 51144 | Elf:3    | Got a crude sapphire amulet
 51185 | Elf:3    | Identified the amulet "Nedaemyoj" {Reflect Fragile rElec Int+8 Dex-2 SH+3} (You took it off a deep elf death mage on level 3 of the Elven Halls)
 51188 | Elf:3    | Identified a scroll of acquirement
 51289 | Elf:3    | Identified the Disquisition on Excruciating Summoning
 51312 | Elf:3    | Identified the Handbook of Ensnaring Moulding
 51332 | Elf:3    | Got a pitted plate armour
 51333 | Elf:3    | Identified the +12 plate armour of Inif {*Corrode *Drain Dex+9 Stlth+} (You found it on level 3 of the Elven Halls)
 51342 | Elf:3    | Got a brightly glowing iron ring
 51345 | Elf:3    | Identified the ring "Naahyir" {*Drain +Blink MR+ Dex+3 SInv} (You took it off a deep elf knight on level 3 of the Elven Halls)
 51663 | Depths:1 | Entered Level 1 of the Depths
 51666 | Depths:1 | Found a magical portal.
 51689 | Depths:1 | Found Puty's Food Shop.
 51709 | Depths:1 | Found Limaon's Armour Shoppe.
 51790 | WizLab   | Entered The Hall of the Hellbinder
 52026 | WizLab   | Gained mutation: You are weak. (Str -2) [a cacodemon]
 52525 | WizLab   | Found a burning altar of Makhleb.
 52556 | WizLab   | Identified Pulubb's Reference Book on Summoning
 52581 | WizLab   | Identified Sif Muna's Almanac of the Escort
 52784 | Depths:1 | Found a gateway to Hell.
 52877 | Depths:1 | Reached XP level 25. HP: 221/237 MP: 27/30
 52907 | Depths:1 | Found a bloodstained altar of Trog.
 53381 | Depths:1 | Received a gift from Trog
 53983 | Depths:2 | Found a glowing silver altar of Zin.
 53983 | Depths:2 | Found a shadowy altar of Dithmenos.
 54159 | Depths:2 | Found an opulent altar of Gozag.
 54159 | Depths:2 | Found a glowing golden altar of the Shining One.
 54219 | Depths:2 | Found a stormy altar of Qazlal.
 54220 | Depths:2 | Found a blossoming altar of Fedhas.
 54221 | Depths:2 | Found a shattered altar of Ashenzari.
 54221 | Depths:2 | Found a hazy altar of Hepliaklqana.
 54514 | Depths:2 | Received a gift from Trog
 54655 | Depths:2 | Found a runed door.
 54655 | Depths:2 | Found a runed door.
 54901 | Depths:2 | Found a one-way gate leading to the halls of Pandemonium.
 55293 | Depths:2 | Reached XP level 26. HP: 249/249 MP: 30/30
 55324 | Depths:2 | Got a smoking jade ring
 55436 | Depths:2 | Found a runed door.
 55477 | Depths:2 | Identified the Catalogue of Conjuration and Enhancements
 55678 | Depths:2 | Received a gift from Trog
 55844 | Depths:2 | Identified the ring of Sunlight {+Fly rN+ Int+3} (You took it off a frost giant on level 2 of the Depths)
 55901 | Depths:2 | Received a gift from Trog
 56362 | Depths:3 | Found a one-way gate to the infinite horrors of the Abyss.
 56408 | Depths:3 | Received a gift from Trog
 57689 | Depths:4 | Noticed Margery
 57704 | Depths:4 | Killed Margery
 57704 | Depths:4 | Received a gift from Trog
 57704 | Depths:4 | Reached XP level 27. HP: 252/261 MP: 30/30
 57946 | Depths:4 | Found a corrupted altar of Lugonu.
 58554 | Depths:4 | Received a gift from Trog
 58695 | Depths:4 | Got a wavering ruby amulet
 58696 | Depths:4 | Identified the amulet "Wutoal" {Inacc MR+} (You found it on level 4 of the Depths)
 59137 | Depths:5 | Entered Level 5 of the Depths
 59149 | Depths:5 | Found a gateway to a ziggurat.
 59540 | Depths:5 | Received a gift from Trog
 60055 | Depths:5 | Found a gate to the Realm of Zot.
 60809 | Slime:1  | Entered Level 1 of the Pits of Slime
 60868 | Slime:1  | Received a gift from Trog
 62558 | Slime:5  | Entered Level 5 of the Pits of Slime
 62600 | Slime:5  | Received a gift from Trog
 62762 | Slime:5  | Noticed the Royal Jelly
 62809 | Slime:5  | Found a viscous altar of Jiyva.
 62818 | Slime:5  | Killed the Royal Jelly
 63112 | Slime:5  | Got a slimy rune of Zot
 63185 | Slime:5  | Gained mutation: You are very weak. (Str -4) [a shining eye]
 63831 | Depths:2 | Fell from the grace of Trog
 63831 | Depths:2 | Became a worshipper of the Shining One
 64144 | Crypt:1  | Entered Level 1 of the Crypt
 64173 | Crypt:1  | Reached skill level 1 in Invocations
 64192 | Crypt:1  | Reached * piety under the Shining One
 64256 | Crypt:1  | Reached ** piety under the Shining One
 64734 | Crypt:1  | Reached *** piety under the Shining One
 65275 | Crypt:2  | Reached skill level 5 in Invocations
 65394 | Crypt:2  | Reached **** piety under the Shining One
 65658 | Crypt:2  | Reached ***** piety under the Shining One
 66268 | Crypt:3  | Entered Level 3 of the Crypt
 66706 | Crypt:3  | Reached ****** piety under the Shining One
 66847 | Crypt:3  | Found a staircase to the Tomb.
 66870 | Crypt:3  | Identified the Reference Book on the Torrid Glacier
 67197 | Crypt:3  | Got a scintillating lead ring
 67198 | Crypt:3  | Identified the cursed ring "Yssoog" {rN+ MR+ Int-2 Dex+3} (You found it on level 3 of the Crypt)
 67298 | Crypt:3  | Reached skill level 10 in Invocations
 67299 | Crypt:3  | Identified a +8 executioner's axe of holy wrath (a +6 vampiric executioner's axe blessed by the Shining One)
 67299 | Crypt:3  | Received a gift from the Shining One
 67478 | Crypt:3  | Found an ancient bone altar of Kikubaaqudgha.
 67479 | Crypt:3  | Noticed an ancient lich
 67483 | Crypt:3  | Killed an ancient lich
 67494 | Crypt:3  | Noticed an ancient lich
 67496 | Crypt:3  | Killed an ancient lich
 67522 | Crypt:3  | Paralysed by Trog for 4 turns
 68089 | Tomb:1   | Entered Level 1 of the Tomb of the Ancients
 69067 | Tomb:1   | Noticed a greater mummy
 69083 | Tomb:1   | Killed a greater mummy
 69619 | Tomb:1   | Noticed a greater mummy
 69626 | Tomb:1   | Killed a greater mummy
 71064 | Depths:3 | Voluntarily entered the Abyss.
 71065 | Abyss:1  | Found a corrupted altar of Lugonu.
 71503 | Abyss:1  | Reached skill level 15 in Invocations
 72640 | Abyss:2  | Gained mutation: Scrolls take you a little longer to read. [a neqoxec]
 72913 | Abyss:3  | Lost mutation: You are very weak. (Str -4) [potion of mutation]
 72913 | Abyss:3  | Lost mutation: You have a somewhat thin skeletal structure. (Dex +2, Stealth) [potion of mutation]
 72913 | Abyss:3  | Lost mutation: You are weak. (Str -2) [potion of mutation]
 72913 | Abyss:3  | Lost mutation: Scrolls take you a little longer to read. [potion of mutation]
 72913 | Abyss:3  | Gained mutation: You are agile. (Dex +2) [potion of mutation]
 72988 | Abyss:3  | Reached skill level 15 in Evocations
 73400 | Abyss:4  | Gained mutation: You are weak. (Str -2) [a neqoxec]
 74206 | Abyss:5  | Entered Level 5 of the Abyss
 74323 | Abyss:5  | Paralysed by accursed screaming for 1 turns
 74474 | Abyss:5  | Found a corrupted altar of Lugonu.
 74651 | Abyss:5  | Paralysed by accursed screaming for 1 turns
 74778 | Abyss:5  | Found a corrupted altar of Lugonu.
 74795 | Abyss:5  | Paralysed by accursed screaming for 1 turns
 74808 | Abyss:5  | Paralysed by accursed screaming for 2 turns
 75191 | Abyss:5  | Gained mutation: Armour fits poorly on your strangely shaped body. [a neqoxec]
 75202 | Abyss:5  | Paralysed by accursed screaming for 1 turns
 75216 | Abyss:5  | Gained mutation: Your body sometimes deteriorates upon taking damage. [a neqoxec]
 75249 | Abyss:5  | Lost mutation: Your body sometimes deteriorates upon taking damage. [potion of mutation]
 75249 | Abyss:5  | Lost mutation: Armour fits poorly on your strangely shaped body. [potion of mutation]
 75249 | Abyss:5  | Lost mutation: You are weak. (Str -2) [potion of mutation]
 75249 | Abyss:5  | Lost mutation: You are somewhat resistant to further mutation. [potion of mutation]
 75249 | Abyss:5  | Gained mutation: You are frail. (-10% HP) [potion of mutation]
 75249 | Abyss:5  | Gained mutation: You evolve. [potion of mutation]
 75258 | Abyss:5  | Reached skill level 27 in Axes
 75348 | Abyss:5  | Paralysed by accursed screaming for 1 turns
 75553 | Abyss:5  | Lost mutation: You are frail. (-10% HP) [evolution]
 76084 | Abyss:5  | Paralysed by accursed screaming for 1 turns
 76091 | Abyss:5  | Paralysed by accursed screaming for 2 turns
 76097 | Abyss:5  | Paralysed by accursed screaming for 2 turns
 76099 | Abyss:5  | Noticed an ancient lich
 76105 | Abyss:5  | Paralysed by accursed screaming for 2 turns
 76111 | Abyss:5  | Paralysed by accursed screaming for 2 turns
 76112 | Abyss:5  | HP: 6/271 [smoke demon/divine providence (11)]
 76112 | Abyss:5  | Killed from afar by a starcursed mass

Skill      XL: |  1  2  3  4  5  6  7  8  9 10 11 12 13 14 15 16 17 18 19 20 21 22 23 24 25 26 27 |
---------------+----------------------------------------------------------------------------------+-----
Fighting       | 4 5 7 8 10 12 13 15 17 18 19 20 21 22 24 26 | 26.9
Axes           | 5 6 7 9 10 14 18 20 21 24 26 27 | 27.0
Dodging        | 5 7 8 9 11 12 13 14 15 16 17 18 20 | 20.0
Armour         | 6 9 10 11 12 13 14 16 17 19 20 21 22 24 | 24.2
Shields        | 4 6 13 15 | 15.0
Evocations     | 7 10 15 | 15.0
Invocations    | 25 | 25.4

Action                   |  1- 3 |  4- 6 |  7- 9 | 10-12 | 13-15 | 16-18 | 19-21 | 22-24 | 25-27 || total
-------------------------+-------+-------+-------+-------+-------+-------+-------+-------+-------++-------
Melee: Hand axe          |   215 |   202 |   314 |   252 |       |       |       |       |       ||   983
       Battleaxe         |       |       |       |   347 |   133 |       |       |       |       ||   480
       Broad axe         |       |       |       |       |   908 |  1389 |   264 |  1341 |  1790 ||  5692
       Executioner's axe |       |       |       |       |       |       |   691 |       |  2231 ||  2922
       Unarmed           |       |       |       |       |       |       |       |       |    17 ||    17
Invok: Berserk           |     2 |     4 |     6 |    14 |     9 |     3 |     4 |     4 |     1 ||    47
       Trog's Hand       |       |     1 |       |       |       |     2 |       |     1 |       ||     4
       Burn Spellbooks   |       |       |     1 |     2 |     3 |     4 |     3 |     6 |       ||    19
       Brothers in Arms  |       |       |       |     3 |     2 |       |       |     4 |       ||     9
       Divine Shield     |       |       |       |       |       |       |       |       |    10 ||    10
       Cleansing Flame   |       |       |       |       |       |       |       |       |     2 ||     2
       Brand Weapon With |       |       |       |       |       |       |       |       |     1 ||     1
 Abil: Evoke Berserk Rag |       |       |       |       |       |       |       |       |    12 ||    12
Evoke: Wand              |       |       |       |       |       |       |       |       |     1 ||     1
  Use: Scroll            |       |     4 |     4 |     9 |    12 |    13 |     7 |    25 |    16 ||    90
       Potion            |       |       |     1 |       |     1 |       |       |     9 |     4 ||    15
 Stab: Sleeping          |     1 |       |       |       |       |       |       |       |       ||     1
       Petrified         |       |       |       |       |     4 |       |       |       |       ||     4
       Petrifying        |       |       |       |       |     1 |       |       |       |       ||     1
       Distracted        |       |       |       |       |       |       |       |     3 |     4 ||     7
       Invisible         |       |       |       |       |       |       |       |     1 |       ||     1
  Eat: Chunk             |     3 |    12 |    16 |    29 |    44 |    29 |    32 |    29 |    45 ||   239
       Fruit             |       |       |     5 |       |     1 |     7 |     4 |     4 |     9 ||    30
       Royal jelly       |       |       |       |     4 |       |       |       |     1 |    11 ||    16
       Meat ration       |       |       |       |       |       |       |       |       |     3 ||     3
       Bread ration      |       |       |       |       |       |       |       |       |     1 ||     1
Armor: Animal skin       |    10 |     5 |       |       |       |       |       |       |       ||    15
       Chain mail        |       |    97 |   119 |   371 |   146 |   120 |    35 |       |       ||   888
       Plate armour      |       |       |       |       |       |    90 |   237 |   124 |   603 ||  1054
       Skin              |       |       |       |       |       |     1 |       |       |       ||     1
Dodge: Dodged            |    57 |    80 |   115 |   468 |   353 |   455 |   723 |   404 |  2490 ||  5145
       Deflected         |       |       |       |       |       |       |       |    19 |    66 ||    85
Block: Buckler           |       |       |       |       |    67 |       |       |       |       ||    67
       Shield            |       |       |       |       |   245 |   947 |   200 |   808 |  1015 ||  3215
       Reflection        |       |       |       |       |    38 |   122 |    36 |    86 |    75 ||   357
       Other             |       |       |       |       |       |       |   127 |       |   512 ||   639
